AoeStats
← AlexTAN

Black Forest

510373480Analyzed
4v4 RM · 2d ago on Sep 30, 2026· 59m 15s· 8 players
Game mode
Random Map
Map size
Large (8 player)
Population
200
Speed
Normal
Resources
Standard
Victory
Conquest
Starting age
Dark Age
Ending age
Imperial Age
RankedLock teamsTeams togetherTeam positionsShared explorationLock speedFull tech treeHidden civsTurbo modeCheats
Victory
Defeat
🇨🇴 Mongols · Colombia
906
+11
🇹🇷 Khmer · Türkiye
897
+12
🇹🇷 Franks · Türkiye
893
+12
🇹🇷 Bohemians · Türkiye
636
+22
🇫🇷 Teutons · France
887
-18
🇹🇼 Franks · Taiwan
821
-15
🇧🇷 Saxons · Brazil
785
-14
🇦🇹 Persians · Austria
688
-10
Mikro
12:26 Feudal Age
16:58 Castle Age
14:46 Double-Bit Axe
14:44 Horse Collar
18:45 Wheelbarrow
18:27 Bow Saw
18:20 Heavy Plow
18:43 Gold Mining
18:47 Stone Mining
25:01 Gold Shaft Mining
25:30 Hand Cart
28:09 Masonry
28:41 Caravan
28:41 Gambesons
28:56 Squires
28:41 Arson
30:04 Loom
30:05 Town Watch
30:36 Forging
30:27 Scale Mail Armor
30:17 Fletching
31:44 Fortified Wall
31:55 Ballistics
32:15 Iron Casting
35:02 Imperial Age
32:56 Chain Mail Armor
32:37 Bodkin Arrow
32:25 Treadmill Crane
32:56 Town Patrol
34:29 Sanctity
34:26 Bodkin Arrow
34:29 Murder Holes
34:25 Guard Tower
36:28 Conscription
35:29 Elite Hearth Troop
35:35 Clerical Recruitment
35:35 Shield Wall
36:52 Hoardings
36:50 Plate Mail Armor
36:20 Bracer
36:52 Architecture
36:28 Siege Engineers
37:25 Chemistry
37:00 Keep
36:04 Elite Varangian Guard
37:09 Guilds
38:17 Two-Man Saw
37:54 Crop Rotation
38:29 Block Printing
38:54 Theocracy
39:04 Siege Engineers
40:00 Chemistry
38:48 Arrowslits
43:56 Capped Ram
45:57 Siege Ram
58:31 Redemption
Rodorm
1:11 Loom
12:29 Feudal Age
13:54 Gold Mining
14:55 Bloodlines
16:58 Double-Bit Axe
16:56 Horse Collar
22:08 Castle Age
20:14 Man-at-Arms
20:48 Arson
21:36 Stone Mining
23:45 Bow Saw
24:23 Heavy Plow
26:34 Stone Shaft Mining
25:39 Pikeman
26:20 Squires
28:08 Wheelbarrow
29:43 Caravan
30:11 Town Watch
30:49 Hand Cart
32:42 Forging
36:02 Imperial Age
34:48 Iron Casting
35:52 Town Patrol
36:22 Scale Mail Armor
36:18 Gambesons
39:29 Blast Furnace
38:45 Chain Mail Armor
38:54 Conscription
38:57 Crenellations
38:25 Cavalier
39:22 Elite Teutonic Knight
40:09 Onager
42:15 Siege Onager
45:07 Crop Rotation
45:40 Two-Man Saw
44:35 Fletching
45:16 Plate Mail Armor
45:04 Fortified Wall
45:04 Siege Engineers
45:22 Ballistics
46:15 Paladin
46:59 Halberdier
54:56 Sappers
Maniac313
11:18 Feudal Age
18:50 Castle Age
18:17 Double-Bit Axe
18:17 Horse Collar
24:03 Wheelbarrow
29:11 Kamandaran
33:34 Imperial Age
31:53 Hand Cart
31:44 Crossbowman
33:01 Heavy Plow
33:04 Loom
33:07 Town Watch
33:21 Murder Holes
33:37 Masonry
33:59 Caravan
34:42 Scale Mail Armor
34:35 Fletching
35:13 Thumb Ring
35:32 Town Patrol
35:59 Gold Mining
36:00 Stone Mining
36:25 Bow Saw
36:51 Crop Rotation
36:57 Conscription
37:35 Guilds
38:48 Two-Man Saw
38:04 Bodkin Arrow
38:21 Forging
39:10 Hoardings
39:16 Elite War Elephant
39:39 Cavalier
41:27 Chemistry
41:10 Crop Rotation
41:42 Citadels
42:30 Iron Casting
42:11 Chain Mail Armor
41:57 Padded Archer Armor
42:02 Scale Barding Armor
43:30 Architecture
45:33 Pikeman
47:37 Blast Furnace
47:08 Plate Mail Armor
46:54 Leather Archer Armor
46:59 Chain Barding Armor
50:29 Halberdier
52:27 Squires
52:12 Arson
51:48 Man-at-Arms
52:14 Gambesons
53:42 Ballistics
57:45 Plate Barding Armor
57:40 Ring Archer Armor
你媽
13:22 Feudal Age
14:12 Loom
17:01 Castle Age
15:47 Double-Bit Axe
16:48 Fishing Lines
18:02 Bow Saw
19:34 Wheelbarrow
19:38 Gillnets
24:28 Caravan
30:24 Imperial Age
30:08 Hand Cart
32:11 Gold Mining
32:36 Scale Barding Armor
32:42 Forging
32:34 Padded Archer Armor
33:01 Conscription
33:00 Husbandry
32:21 Cavalier
32:35 Cavalier
34:06 Gold Shaft Mining
34:15 Chain Barding Armor
34:20 Paladin
35:34 Elite Skirmisher
36:03 Loom
36:06 Town Watch
36:13 Treadmill Crane
37:30 Leather Archer Armor
37:51 Plate Barding Armor
37:51 Iron Casting
39:51 Ballistics
39:56 Pikeman
40:36 Squires
40:22 Arson
41:43 Blast Furnace
40:48 Chivalry
40:13 Elite Throwing Axeman
40:59 Scale Mail Armor
40:53 Fletching
45:57 Onager
56:46 Halberdier
AlexTAN
0:36 Loom
12:58 Feudal Age
14:11 Double-Bit Axe
14:11 Horse Collar
17:04 Castle Age
15:06 Fletching
15:16 Padded Archer Armor
20:35 Wheelbarrow
20:12 Bow Saw
20:05 Heavy Plow
23:29 Hand Cart
23:02 Town Watch
23:49 Gold Mining
28:10 Scale Mail Armor
28:16 Scale Barding Armor
28:06 Bodkin Arrow
28:26 Leather Archer Armor
28:51 Caravan
29:33 Gold Shaft Mining
28:48 Stone Mining
29:09 Town Patrol
31:17 Ballistics
33:28 Imperial Age
32:20 Chain Mail Armor
32:26 Chain Barding Armor
32:23 Thumb Ring
32:38 Nomads
34:42 Parthian Tactics
33:51 Heavy Cavalry Archer
34:51 Bracer
35:57 Chemistry
35:03 Siege Engineers
34:26 Capped Ram
35:23 Siege Ram
36:33 Onager
38:31 Bloodlines
38:22 Husbandry
38:41 Light Cavalry
38:52 Siege Onager
40:24 Drill
40:29 Conscription
godibaba
10:14 Feudal Age
10:51 Double-Bit Axe
10:50 Horse Collar
16:22 Castle Age
18:53 Heavy Plow
25:31 Bow Saw
25:15 Gold Mining
25:15 Stone Mining
27:56 Wheelbarrow
27:07 Loom
27:10 Town Watch
29:29 Stone Shaft Mining
29:31 Gold Shaft Mining
29:29 Hand Cart
30:46 Caravan
30:59 Town Patrol
34:12 Imperial Age
31:47 Town Patrol
32:24 Ballistics
34:39 Padded Archer Armor
34:30 Fletching
34:50 Forging
34:46 Scale Barding Armor
34:53 Tusk Swords
35:16 Conscription
35:47 Coinage
36:38 Crop Rotation
36:28 Leather Archer Armor
36:08 Bodkin Arrow
37:15 Chemistry
36:27 Double Crossbow
37:03 Hoardings
35:49 Elite Ballista Elephant
36:05 Elite Ballista Elephant
39:47 Iron Casting
39:12 Scale Mail Armor
39:35 Chain Barding Armor
39:46 Ring Archer Armor
39:16 Bracer
40:50 Elite Battle Elephant
41:42 Bloodlines
41:34 Husbandry
56:13 Plate Barding Armor
56:38 Blast Furnace
Hüso
13:10 Feudal Age
17:37 Castle Age
20:48 Wheelbarrow
20:01 Double-Bit Axe
22:20 Stone Mining
29:11 Fortified Wall
32:48 Gold Mining
33:12 Bow Saw
38:19 Imperial Age
36:05 Hand Cart
37:02 Gold Shaft Mining
37:22 Scale Barding Armor
37:17 Scale Mail Armor
39:16 Chain Barding Armor
39:11 Chain Mail Armor
40:08 Husbandry
39:31 Cavalier
40:15 Caravan
40:57 Paladin
43:54 Plate Barding Armor
43:52 Plate Mail Armor
50:25 Padded Archer Armor
50:16 Fletching
50:29 Squires
49:50 Pikeman
51:03 Halberdier
51:47 Bodkin Arrow
52:08 Leather Archer Armor
52:05 Forging
56:11 Chemistry
55:31 Ballistics
55:51 Iron Casting
kael9297
0:44 Loom
15:26 Feudal Age
15:56 Double-Bit Axe
15:53 Horse Collar
22:14 Wheelbarrow
23:37 Padded Archer Armor
23:27 Fletching
23:48 Forging
23:39 Scale Mail Armor
23:44 Scale Barding Armor
26:26 Castle Age
25:56 Man-at-Arms
26:21 Arson
27:18 Bow Saw
27:10 Heavy Plow
27:15 Caravan
27:48 Coinage
26:40 Pikeman
27:41 Squires
28:01 Long Swordsman
30:41 Hand Cart
34:33 Imperial Age
34:07 Chemistry
34:32 Ballistics
34:40 Wagenburg Tactics
35:25 Leather Archer Armor
35:05 Bodkin Arrow
38:12 Two-Man Saw
37:43 Conscription
39:00 Siege Engineers
38:46 Elite Hussite Wagon
43:47 Houfnice
46:38 Halberdier
52:18 Two-Handed Swordsman
55:47 Banking
55:27 Guilds
Connection lost

Rejoining the realm…

Still unreachable

The connection could not be restored.

Session expired

The server has moved on; the page needs a fresh start.